 Dungeon Crawl Stone Soup version 0.29.1-1-gd02db6906a (webtiles) character file.

Game seed: 1611677157932042025

460 xian the Gusty (level 6, -2/41 HPs)
             Began as a Demonspawn Air Elementalist on Sept 16, 2022.
             Was an Initiate of Gozag.
             Slain by a gnoll
             ... wielding a +0 flail
             ... led by a gnoll bouda
              (8 damage)
             ... on level 5 of the Dungeon.
             The game lasted 00:08:57 (6055 turns).

xian the Gusty (Demonspawn Air Elementalist)        Turns: 6055, Time: 00:08:58

Health: -2/41      AC:  6    Str:  9    XL:     6   Next: 78%
Magic:  1/11       EV: 12    Int: 21    God:    Gozag
Gold:   399        SH:  5    Dex: 13    Spells: 6/12 levels left

rFire   + . .      SeeInvis .   c - +0 short sword
rCold   x . .      Faith    .   (no shield)
rNeg    . . .      Spirit   .   a - +0 robe
rPois   .          Reflect  +   i - +0 helmet {Int+3}
rElec   .          Harm     .   (no cloak)
rCorr   .          Rampage  .   (no gloves)
Will    .....                   s - +0 pair of boots
Stlth   ++........              r - amulet of reflection
HPRegen 0.13/turn               d - +4 ring of slaying
MPRegen 0.12/turn               g - ring of fire

@: no status effects
A: hooves 1, yellow scales 1, foul stench 2
a: Renounce Religion, Potion Petition, Call Merchant, Bribe Branch


You were on level 5 of the Dungeon.
You worshipped Gozag.
Gozag was aware of your devotion.
You visited 1 branch of the dungeon, and saw 5 of its levels.

You collected 433 gold pieces.
You paid 34 gold pieces to Gozag.

Inventory:

Hand Weapons
 c - a +0 short sword (weapon)
Armour
 a - a +0 robe (worn)
 i - a +0 helmet of intelligence (worn)
 s - a +0 pair of boots (worn)
Jewellery
 d - a +4 ring of slaying (left hand)
 f - a ring of poison resistance
 g - a ring of fire (right hand)
 r - an amulet of reflection (around neck)
Wands
 o - a wand of mindburst (11)
 v - a wand of flame (23)
 w - a wand of light (8)
 x - a wand of roots (9)
Scrolls
 e - 2 scrolls of immolation
 h - a scroll of blinking
 l - a scroll of teleportation
 n - a scroll of vulnerability
 p - a scroll of identify
 q - a scroll of silence {unknown}
 u - a scroll of enchant armour
 y - a scroll of amnesia
Potions
 b - a potion of magic
 j - a potion of degeneration {unknown}
 k - 2 potions of mutation {unknown}
 m - 3 potions of curing {unknown}
 t - a potion of invisibility {unknown}


   Skills:
 + Level 1.0 Short Blades
 + Level 2.2 Dodging
 + Level 3.1 Stealth
 + Level 3.7 Spellcasting
 + Level 3.9 Conjurations
 + Level 4.0 Air Magic


You had 6 spell levels left.
You knew the following spells:

 Your Spells              Type           Power      Damage    Failure   Level
a - Shock                 Conj/Air       80%        1d8       2%          1
b - Static Discharge      Conj/Air       20%        3-6/arc   3%          2
c - Swiftness             Air            20%        N/A       7%          3

Your spell library contained the following spells:

 Spells                   Type           Power      Damage    Failure   Level
 Airstrike                Air            10%        2d(2-18)  24%         4


Dungeon Overview and Level Annotations

Branches:
Dungeon (5/15)
 Temple: D:4-7

Altars:
Gozag

Annotations:
D:4 3 runed translucent doors, Rudyous's ghost, amateur MiFi


Innate Abilities, Weirdness & Mutations

You have large cloven feet.
You are partially covered in yellow scales. (AC +2)
You sometimes emit foul miasma when damaged in melee.


Message History

The gnoll hits you with a +0 halberd!
You emit a cloud of foul miasma!
Unknown command.
The gnoll hits you but does no damage.
The gnoll is engulfed in dark miasma.
The gnoll is poisoned.
The gnoll seems to slow down.
The gnoll hits you from afar with a +0 halberd.
A gnoll comes into view. It is wielding a +0 spear.
Things that are here:
5 gold pieces; a +0 whip; a +0 leather armour You hit the gnoll.
The gnoll is severely wounded.
You block the gnoll's attack.
The gnoll is engulfed in dark miasma.
The gnoll looks even sicker.
You kill the gnoll!
You hit the gnoll.
You kill the gnoll!
The gnoll is distracted by your dazzling golden aura.
The gnoll barely misses you. The gnoll hits you with a +0 flail.
Things that are here:
5 gold pieces; a +0 spear The gnoll shouts!
You hit the gnoll.
The gnoll is lightly wounded.
The gnoll hits you with a +0 flail.
* * * LOW HITPOINT WARNING * * *
You barely miss the gnoll.
The gnoll is no longer distracted by gold.
The gnoll hits you with a +0 flail.
* * * LOW HITPOINT WARNING * * *
You hit the gnoll.
The gnoll is moderately wounded.
The gnoll closely misses you.
You closely miss the gnoll.
The gnoll is moderately wounded.
The gnoll barely misses you.
You hit the gnoll.
The gnoll is moderately wounded.
The gnoll closely misses you. The gnoll hits you with a +0 flail!
You die...
Your body crumbles into a pile of gold.

.#...##...## #.. ..
##.>.###### #.####.
#...# #####......###
#...# #........#...
#...# #........#.####
##..)#####..............
...............$..g.....
.<..............g.......
...............$@...#..
##...#####......$$#.#
#>..# ####.......# #...#
##.###### #...# #.#
#...# #.. $ ##...####
#### ........# #######.#


You could see 2 gnolls.

Vanquished Creatures
  A scorpion (D:5)
  A howler monkey (D:5)
  A gnoll bouda (D:5)
  3 jellies (D:5)
  Natasha (thrice) (D:4)
  7 gnolls (D:5)
  2 river rats (D:3)
  An ufetubus (D:4)
  2 worms
  A dart slug (D:1)
  2 orcs
  4 bats
  6 endoplasms
  A giant cockroach (D:2)
  6 hobgoblins
  6 jackals
  4 quokkas
  7 ball pythons
  4 frilled lizards
  3 goblins
  9 kobolds
  10 rats
84 creatures vanquished.

Notes
Turn   | Place    | Note
-------+----------+-------------------------------------------
     0 | D:1      | xian the Demonspawn Air Elementalist began the quest for
                  | the Orb.
     0 | D:1      | Reached XP level 1. HP: 13/13 MP: 3/3
   530 | D:1      | Gained mutation: You may rarely emit foul miasma when
                  | damaged in melee. [demonic ancestry]
   530 | D:1      | Reached XP level 2. HP: 14/19 MP: 5/5
   707 | D:1      | Reached skill level 3 in Air Magic
  1052 | D:1      | Found a faded altar of an unknown god.
  2013 | D:2      | Gained mutation: You sometimes emit foul miasma when
                  | damaged in melee. [demonic ancestry]
  2013 | D:2      | Reached XP level 3. HP: 24/24 MP: 4/6
  2890 | D:2      | Learned a level 2 spell: Static Discharge
  3239 | D:3      | Found an opulent altar of Gozag.
  3246 | D:3      | Became a worshipper of Gozag Ym Sagoz the Greedy
  3358 | D:3      | Identified a scroll of acquirement
  3360 | D:3      | Acquired a +0 helmet of intelligence
  3676 | D:3      | Reached XP level 4. HP: 4/30 MP: 8/8
  4145 | D:4      | Learned a level 3 spell: Swiftness
  4342 | D:4      | Found a runed translucent gate.
  4342 | D:4      | Found a runed translucent gate.
  4342 | D:4      | Found a runed translucent gate.
  4497 | D:4      | Noticed Natasha
  4499 | D:4      | Killed Natasha
  4792 | D:4      | Noticed Rudyous's ghost (amateur MiFi)
  4865 | D:4      | Noticed Natasha
  4870 | D:4      | Killed Natasha
  4871 | D:4      | Gained mutation: You have large cloven feet. [demonic
                  | ancestry]
  4871 | D:4      | Reached XP level 5. HP: 15/35 MP: 3/9
  4927 | D:4      | Noticed Natasha
  4932 | D:4      | Killed Natasha
  5256 | D:5      | Entered Level 5 of the Dungeon
  5366 | D:5      | Reached skill level 1 in Short Blades
  5380 | D:5      | Gained mutation: You are partially covered in yellow
                  | scales. (AC +2) [demonic ancestry]
  5380 | D:5      | Reached XP level 6. HP: 24/41 MP: 1/10
  6041 | D:5      | Reached skill level 4 in Air Magic
  6055 | D:5      | Slain by a gnoll

Illustrated notes

Levels and vault maps discovered:
D:1:      heliophobic_arrival_glass_houses, layout_basic,
          shapermc_ecumenical_altar_mp_ritualfount, minmay_pentomino_x4
D:2:      layout_loops_ring, kennysheep_cross_bottleneck
D:3:      layout_basic, grunt_gozag_statues, portal_sewer_entry_b,
          nrook_loot_triangle, kennysheep_generic_room_9
D:4:      layout_loops_ring, gammafunk_ghost_icy, uniq_natasha
D:5:      layout_loops_cross

Skill      XL: |  1  2  3  4  5  6 |
---------------+-------------------+-----
Stealth        | 2 3 |  3.1
Air Magic      | 3 4 |  4.0
Conjurations   | 2 3 |  3.9
Dodging        | 2 |  2.2
Spellcasting   | 3 |  3.7
Short Blades   | 1 |  1.0

Action                   |  1- 3 |  4- 6 || total
-------------------------+-------+-------++-------
Melee: Unarmed           |     6 |       ||     6
       Short sword       |    35 |    17 ||    52
 Cast: Shock             |   100 |    71 ||   171
       Static Discharge  |       |     9 ||     9
  Use: Scroll            |     8 |     1 ||     9
Armor: Robe              |    10 |     7 ||    17
Dodge: Dodged            |    36 |    21 ||    57
Block: Other             |       |     3 ||     3
